 Dungeon Crawl Stone Soup version 0.19.1-1-g22dce08 (webtiles) character file.

321 Dolanko the Slasher (level 6, -3/53 HPs)
             Began as a Draconian Gladiator on Dec 30, 2016.
             Was an Initiate of Makhleb.
             Killed by divine providence
             ... invoked by an orc priest
              (11 damage)
             ... on level 4 of the Dungeon.
             The game lasted 00:05:47 (3103 turns).

Dolanko the Slasher (Draconian Gladiator)           Turns: 3103, Time: 00:05:48

Health: -3/53      AC:  9    Str: 17    XL:     6   Next: 22%
Magic:  6/6        EV: 13    Int:  8    God:    Makhleb [......]
Gold:   207        SH:  0    Dex: 14    Spells: 0 memorised, 5 levels left

rFire  . . .     SeeInvis .     a - +0 long sword
rCold  . . .     Gourm    .     (armour unavailable)
rNeg   . . .     Faith    .     (no shield)
rPois  +         Spirit   .     b - +0 hat
rElec  .         Reflect  .     k - +0 cloak
rCorr  .         Harm     .     h - +0 pair of gloves
MR     .....                    o - +0 pair of boots
Stlth  +.........               (no amulet)
                                w - ring of poison resistance
                                s - ring of wizardry

@: confused
A: unfitting armour, cold-blooded, AC +6
a: Renounce Religion


You were on level 4 of the Dungeon.
You worshipped Makhleb.
Makhleb was noncommittal.
You were not hungry.

You visited 1 branch of the dungeon, and saw 4 of its levels.

You collected 207 gold pieces.

Inventory:

Hand Weapons
 a - a +0 long sword (weapon)
Missiles
 c - 3 throwing nets (quivered)
Armour
 b - a +0 hat (worn)
 h - a +0 pair of gloves (worn)
 k - a +0 cloak (worn)
 o - a +0 pair of boots (worn)
Jewellery
 s - a ring of wizardry (left hand)
 w - a ring of poison resistance (right hand)
Scrolls
 i - a scroll of fog {unknown}
 j - a scroll of magic mapping {unknown}
 l - 2 scrolls of random uselessness {unknown}
 n - 2 scrolls of teleportation {unknown}
 q - 5 scrolls of identify {unknown}
 t - a scroll of amnesia {unknown}
 u - a scroll of blinking {unknown}
Potions
 e - 2 potions of might
 f - 2 potions of haste {unknown}
 g - 3 potions of cure mutation {unknown}
 m - a potion of flight {unknown}
 r - 2 potions of heal wounds {unknown}
 x - 2 potions of brilliance {unknown}
 z - a potion of ambrosia {unknown}
Comestibles
 d - 3 bread rations
 p - 2 beef jerkies
 v - 3 chunks of flesh


   Skills:
 + Level 4.7 Fighting
 * Level 5.6 Long Blades
 - Level 1.7 Throwing
 - Level 3.0 Dodging


You had 5 spell levels left.
You didn't know any spells.

Dungeon Overview and Level Annotations

Branches:
Dungeon (4/15)
 Temple: D:4-7

Altars:
Dithmenos
Hepliaklqana
Makhleb
Zin


Innate Abilities, Weirdness & Mutations

Your plain brown scales are hard. (AC +6)
You cannot fit into any form of body armour.
You are cold-blooded and may be slowed by cold attacks.


Message History

An orc wizard appears from thin air!
Reactivating autopickup.
The orc wizard points at you and mumbles some strange words.
You resist with some effort.
The orc wizard points at you and mumbles some strange words.
The magic dart hits you!
You feel less confused.
The orc wizard points at you and mumbles some strange words.
You are confused.
The orc wizard gestures wildly while chanting.
The orc wizard flickers and vanishes!
Deactivating autopickup; reactivate with Ctrl-A.
You bump into the rock wall.
Something hits you but does no damage.
You're too confused to move!
The orc priest hits you with a mace.
* * * LOW HITPOINT WARNING * * *
Something hits you but does no damage.
The orc priest calls down the wrath of Beogh upon you.
Beogh smites you!
You die...

#. #(## .## #.# # #..#...
.. # #..#..# .# #
#.....##)# #.#####
.#.......o# #......
>..###..### ##########.
........o{#####..........
###.##...................
#..@..####.....####.
#.##### ####..# ## #.
#### #. #.


You could see an orc priest.

Vanquished Creatures
  2 orc priests
  2 iguanas (D:4)
  4 gnolls (D:2)
  9 adders
  An ooze (D:2)
  An adder skeleton (D:4)
  2 worms (D:2)
  2 leopard geckos (D:2)
  8 orcs
  7 bats
  A giant cockroach (D:1)
  5 goblins
  4 hobgoblins
  7 jackals (D:1)
  2 quokkas (D:2)
  4 frilled lizards
  12 kobolds
  8 rats
  A plant (D:2)
82 creatures vanquished.

Vanquished Creatures (others)
  A plant (D:2)
1 creature vanquished.

Grand Total: 83 creatures vanquished

Notes
Turn   | Place    | Note
-------+----------+-------------------------------------------
     0 | D:1      | Dolanko the Draconian Gladiator began the quest for the Orb.
     0 | D:1      | Reached XP level 1. HP: 17/17 MP: 1/1
    40 | D:1      | Reached XP level 2. HP: 16/25 MP: 2/2
   681 | D:2      | Reached XP level 3. HP: 20/30 MP: 3/3
  1006 | D:2      | Reached skill level 4 in Long Blades
  1032 | D:2      | Reached XP level 4. HP: 34/38 MP: 4/4
  1267 | D:2      | Reached XP level 5. HP: 40/45 MP: 5/5
  1336 | D:2      | Found a shadowy altar of Dithmenos.
  1662 | D:2      | Found a hazy altar of Hepliaklqana.
  2238 | D:2      | Reached skill level 5 in Long Blades
  2613 | D:3      | Noticed an Executioner
  2614 | D:3      | Found a burning altar of Makhleb.
  2617 | D:3      | Found a glowing silver altar of Zin.
  2617 | D:3      | Noticed an angel
  2622 | D:3      | Became a worshipper of Makhleb the Destroyer
  3021 | D:4      | Reached XP level 6. HP: 32/53 MP: 6/6
  3103 | D:4      | Killed from afar by an orc priest

Skill      XL: |  1  2  3  4  5 |
---------------+----------------+-----
Dodging        | 3 |  3.0
Fighting       | 3 4 |  4.7
Long Blades    | 4 5 |  5.6
Throwing       | |  1.7

Action                   |  1- 3 |  4- 6 || total
-------------------------+-------+-------++-------
Melee: Long sword        |    88 |   188 ||   276
       Tailslap          |    10 |    25 ||    35
  Use: Potion            |     1 |       ||     1
 Stab: Sleeping          |     1 |     1 ||     2
  Eat: Chunk             |     1 |     7 ||     8
Armor: Skin              |    60 |    64 ||   124
Dodge: Dodged            |    96 |   125 ||   221
       Rpst.: Long sword |    33 |    30 ||    63
